AoeStats
← GratedSalt76014

Arabia

507691908Analyzed
1v1 RM · 13d ago on Sep 19, 2026· 28m 29s· 2 players
Game mode
Random Map
Map size
Tiny (2 player)
Population
200
Speed
Normal
Resources
Standard
Victory
Conquest
Starting age
Dark Age
Ending age
Imperial Age
RankedLock teamsTeams togetherTeam positionsShared explorationLock speedFull tech treeHidden civsTurbo modeCheats
Victory
Defeat
🇪🇸 Burgundians · Spain
818
+13
🇹🇷 Franks · Türkiye
760
-13
juan.alcantara.fr
10:22 Feudal Age
9:36 Double-Bit Axe
10:01 Loom
14:06 Forging
18:01 Scale Barding Armor
18:23 Horse Collar
19:34 Fletching
19:45 Padded Archer Armor
19:43 Gold Mining
24:29 Castle Age
23:39 Wheelbarrow
25:05 Cavalier
26:38 Gold Shaft Mining
26:13 Crossbowman
27:04 Stone Mining
27:25 Bodkin Arrow
28:07 Iron Casting
28:11 Husbandry
GratedSalt76014
2:51 Loom
10:53 Feudal Age
11:47 Double-Bit Axe
23:51 Castle Age
24:28 Fletching
24:39 Padded Archer Armor
27:49 Bow Saw
27:48 Pikeman
Connection lost

Rejoining the realm…

Still unreachable

The connection could not be restored.

Session expired

The server has moved on; the page needs a fresh start.